 Dungeon Crawl Stone Soup version 0.29-a0-483-g69413ace17 (webtiles) character file.

Game seed: 6909772036651539326

179 happo123 the Sneak (level 5, -2/30 HPs)
             Began as a Kobold Enchanter on May 25, 2022.
             Succumbed to a kobold's poison
             ... in a sewer.
             The game lasted 00:09:40 (2675 turns).

happo123 the Sneak (Kobold Enchanter)               Turns: 2675, Time: 00:09:41

Health: -2/30      AC:  3    Str:  3 (5)  XL:     5   Next: 90%
Magic:  1/9        EV: 15    Int: 18 (19) God:
Gold:   106        SH:  0    Dex: 12 (15) Spells: 5/10 levels left

rFire   . . .      SeeInvis .   a - +1 dagger
rCold   . . .      Faith    .   (no shield)
rNeg    . . .      Spirit   .   b - +0 robe
rPois   .          Reflect  .   q - +0 helmet
rElec   .          Harm     .   (no cloak)
rCorr   .          Rampage  .   (no gloves)
Will    .....                   (no boots)
Stlth   ++++......              (no amulet)
HPRegen 0.10/turn               f - ring of wizardry
MPRegen 0.11/turn               (no ring)

@: lethally poisoned (-2 -> -13)
A: small, no large weapons, nightstalker 3
a: no special abilities


You were in a sewer.
You visited 1 branch of the dungeon, and saw 3 of its levels.
You also visited: Sewer.

You collected 106 gold pieces.

Inventory:

Hand Weapons
 a - a +1 dagger (weapon)
 u - a +0 falchion of holy wrath
Armour
 b - a +0 robe (worn)
 q - a +0 helmet (worn)
 s - a +0 leather armour
Jewellery
 f - a ring of wizardry (left hand)
Scrolls
 d - a scroll of enchant weapon {unknown}
 h - a scroll of silence {unknown}
 i - a scroll of fear {unknown}
 j - a scroll of summoning {unknown}
 k - 3 scrolls of poison {unknown}
 l - a scroll of amnesia {unknown}
 m - a scroll of vulnerability {unknown}
 n - a scroll of magic mapping {unknown}
 o - a scroll of torment {unknown}
 p - 2 scrolls of teleportation {unknown}
 r - 3 scrolls of enchant armour {unknown}
Potions
 c - 2 potions of invisibility
 e - 2 potions of degeneration
 g - a potion of curing {unknown}
 t - a potion of brilliance {unknown}
 v - a potion of heal wounds {unknown}


   Skills:
 + Level 2.0 Fighting
 + Level 3.0 Short Blades
 + Level 3.5 Dodging
 + Level 5.0 Stealth
 + Level 3.0 Spellcasting
 + Level 3.6 Hexes


You had 5 spell levels left.
You knew the following spells:

 Your Spells              Type           Power      Damage    Failure   Level
a - Ensorcelled Hibernat  Hex/Ice        18%        N/A       4%          2
b - Tukima's Dance        Hex            16%        N/A       4%          3

Your spell library contained the following spells:

 Spells                   Type           Power      Damage    Failure   Level
 Confusing Touch          Hex            16%        N/A       4%          3
 Dazzling Flash           Conj/Hex       18%        N/A       9%          3
 Gell's Gravitas          Tloc           2%         N/A       19%         3
 Teleport Other           Tloc           2%         N/A       19%         3
 Dispersal                Tloc           1%         N/A       100%        6
 Malign Gateway           Summ/Tloc      1%         N/A       100%        7
 Summon Horrible Things   Summ           1%         N/A       100%        8


Dungeon Overview and Level Annotations

Branches:
Dungeon (3/15)              Sewer (1/1)

Altars:


Innate Abilities, Weirdness & Mutations

You are small and have problems with some larger weapons.
You are completely attuned to the shadows.


Message History

The kobold brigand splashes around in the water.
The kobold brigand attacks as you move away!
The kobold brigand hits you with a +0 club.
* * * LOW HITPOINT WARNING * * *
Your magical contamination has completely faded away.
Aiming: Ensorcelled Hibernation (safe; 4% risk of failure)
Press: ? - help, Q - select action, (/) - cycle Shift-Dir - straight line, f/p - kobold brigand
Aim: a kobold brigand, wielding a +0 club and quivering poisoned darts (chance to affect: 43%)
The kobold brigand looks drowsy...
The helpless kobold brigand fails to defend itself.
You impale the kobold brigand!!
The kobold brigand is severely wounded.
The kobold brigand hits you with a +0 club.
* * * LOW HITPOINT WARNING * * *
You barely miss the kobold brigand.
The kobold brigand is severely wounded.
The kobold brigand splashes around in the water.
You barely miss the kobold brigand. Your punch misses the kobold brigand.
The kobold brigand is severely wounded.
The kobold brigand hits you with a +0 club.
* * * LOW HITPOINT WARNING * * *
You hit the kobold brigand.
The kobold brigand is almost dead.
You hit the kobold brigand.
The kobold brigand is almost dead.
The kobold brigand hits you with a +0 club.
* * * LOW HITPOINT WARNING * * *
You hit the kobold brigand.
You kill the kobold brigand!
You hear a splash. x2
Your Fighting skill increases to level 2!
Your Short Blades skill increases to level 3!
Your Stealth skill increases to level 5!
Your Spellcasting skill increases to level 3!
The kobold throws a poisoned dart.
The poisoned dart hits you!
You are lethally poisoned!
It was a potion of degeneration.
There was something very wrong with that liquid.
You feel weakened.
You feel dopey.
You feel clumsy.
You die...

###≈≈≈.≈≈≈≈.#
##.
##..≈..≈≈≈≈≈≈≈
##
#.≈≈≈.#####.≈≈
#....## #≈≈.##
#..≈# #≈≈.#
##.≈≈##
#.@≈≈≈#
#.###≈# #K# ≈#
##≈## #≈≈≈#
#≈#≈# #≈#≈#
#≈#≈# #.#.#


You could see a kobold.

Vanquished Creatures
  A kobold brigand (Sewer)
  5 adders
  2 river rats (Sewer)
  A worm (D:3)
  A dart slug (D:2)
  A bat (D:2)
  3 endoplasms (Sewer)
  4 giant cockroaches
  6 goblins
  5 hobgoblins
  2 jackals (D:1)
  2 ball pythons
  3 kobolds
  6 rats
42 creatures vanquished.

Notes
Turn   | Place    | Note
-------+----------+-------------------------------------------
     0 | D:1      | happo123 the Kobold Enchanter began the quest for the Orb.
     0 | D:1      | Reached XP level 1. HP: 10/10 MP: 3/3
   207 | D:1      | Reached XP level 2. HP: 15/15 MP: 5/5
   934 | D:1      | Found a faded altar of an unknown god.
  1153 | D:1      | Learned a level 2 spell: Ensorcelled Hibernation
  1273 | D:2      | Reached XP level 3. HP: 20/20 MP: 6/6
  1281 | D:2      | Learned a level 3 spell: Tukima's Dance
  1472 | D:2      | Reached skill level 1 in Fighting
  1919 | D:2      | Reached XP level 4. HP: 23/25 MP: 7/7
  2343 | D:3      | Found a glowing drain.
  2356 | Sewer    | Entered a sewer
  2494 | Sewer    | Reached XP level 5. HP: 29/29 MP: 9/9
  2653 | Sewer    | Noticed a kobold brigand
  2672 | Sewer    | HP: 1/29 [kobold brigand/+0 club (3)]
  2673 | Sewer    | Killed a kobold brigand
  2674 | Sewer    | Reached skill level 5 in Stealth
  2675 | Sewer    | Succumbed to a kobold's poison

Illustrated notes

Levels and vault maps discovered:
D:1:      grunt_arrival_crossed_arrows, layout_basic,
          ebering_ecumenical_altar_box
D:2:      layout_basic, minivault_23
D:3:      layout_rooms, mainiacjoe_overflow_alcove_4, portal_sewer_entry_a
Sewer:    sewer_co_tree

Skill      XL: |  1  2  3  4  5 |
---------------+----------------+-----
Short Blades   | 2 3 |  3.0
Fighting       | 1 2 |  2.0
Dodging        | 3 |  3.5
Stealth        | 5 |  5.0
Spellcasting   | 3 |  3.0
Hexes          | |  3.6

Action                   |  1- 3 |  4- 6 || total
-------------------------+-------+-------++-------
Melee: Dagger            |    95 |    24 ||   119
 Cast: Ensorcelled Hiber |     4 |     9 ||    13
  Use: Potion            |       |     1 ||     1
 Stab: Sleeping          |    16 |    14 ||    30
       Distracted        |     1 |       ||     1
Armor: Robe              |    11 |       ||    11
Dodge: Dodged            |    58 |     4 ||    62

Table legend: (Time is in decaauts)
 A = Elapsed time spent in this place.
 B = Non-inter-level travel time spent in this place.
 C = Inter-level travel time spent in this place.
 D = Time resting spent in this place.
 E = Time spent auto-exploring this place.
 F = Levels seen in this place.
 G = Mean time per level.
                   A        B        C        D        E       F      G
               +--------+--------+--------+--------+--------+-----+--------+
         Total |   2724 |   2569 |    155 |      0 |   2174 |   4 |  681.0 |
       Dungeon |   2345 |   2190 |    155 |      0 |   1887 |   3 |  781.7 |
         Sewer |    378 |    378 |      0 |      0 |    287 |   1 |  378.0 |
               +--------+--------+--------+--------+--------+-----+--------+

Top non-repeatable levels by time:
     D:1: 1149 daAuts
     D:2: 1102 daAuts
   Sewer: 378 daAuts
     D:3: 93 daAuts
